 Dungeon Crawl Stone Soup version 0.19-a0-517-gd6a9987 (webtiles) character file.

2225 FrancescoMac the Fighter (level 9, -14/82 HPs)
             Began as a Minotaur Fighter on June 6, 2016.
             Demolished by an ogre
             ... wielding a +0 giant club
              (30 damage)
             ... on level 6 of the Dungeon.
             The game lasted 00:14:33 (4879 turns).

FrancescoMac the Fighter (Minotaur Fighter)         Turns: 4879, Time: 00:14:34

Health: -14/82     AC:  0    Str: 26    XL:     9   Next: 13%
Magic:  8/8        EV: 10    Int:  5    God:
Gold:   373        SH: 10    Dex: 13    Spells: 0 memorised, 8 levels left

rFire  . . .     SeeInvis .     a - +0 war axe
rCold  . . .     Gourm    .     b - +0 scale mail
rNeg   . . .     Faith    .     c - +0 shield
rPois  .         Spirit   .     (helmet restricted)
rElec  .         Dismiss  .     (no cloak)
rCorr  .         Reflect  .     (no gloves)
SustAt .         Harm     .     m - +2 pair of boots
MR     .....                    (no amulet)
Stlth  ..........               (no ring)
                                (no ring)

@: mighty, corroded, drained, not resistant to hostile enchantments, extremely
unstealthy
A: retaliatory headbutt, horns 2
a: no special abilities


You were on level 6 of the Dungeon.
You were not hungry.

You visited 1 branch of the dungeon, and saw 6 of its levels.

You collected 373 gold pieces.

Inventory:

Hand Weapons
 a - a +0 war axe (weapon)
Armour
 b - a +0 scale mail (worn)
 c - a +0 shield (worn)
 g - a cursed +0 scale mail
 l - a +0 robe of fire resistance
 m - a +2 pair of boots (worn)
Wands
 r - a wand of enslavement (12/24)
Scrolls
 e - 2 scrolls of enchant weapon
 h - 2 scrolls of remove curse
 k - 2 scrolls of identify
 q - 2 scrolls of magic mapping
 u - a scroll of recharging {unknown}
 w - a scroll of teleportation
Potions
 j - 2 potions of curing
 n - a potion of ambrosia
 v - a potion of resistance {unknown}
Comestibles
 f - 4 bread rations
 i - 6 meat rations
 o - a slice of pizza
 p - a royal jelly
 s - 4 fruits


   Skills:
 * Level 8.9(8.8) Fighting
 * Level 8.4(8.3) Axes
 * Level 8.5(8.4) Armour
 + Level 4.0(3.9) Dodging
 - Level 3.6(3.5) Shields


You had 8 spell levels left.
You didn't know any spells.

Dungeon Overview and Level Annotations

Branches:
Dungeon (6/15)             Temple (0/1) D:5

Altars:
Dithmenos
Fedhas
Gozag
Hepliaklqana
Pakellas
Qazlal
Vehumet
Zin
The Shining One


Innate Abilities, Weirdness & Mutations

You reflexively headbutt those who attack you in melee.
You have a pair of horns on your head.


Message History

The crimson imp disappears for a moment.
The crimson imp blinks!
You hit the ogre.
The ogre is moderately wounded.
You barely miss the crimson imp. You completely miss the big kobold.
The big kobold hits you but does no damage.
The crimson imp hits you.
You hit the ogre.
The ogre is moderately wounded.
You barely miss the big kobold. You barely miss the crimson imp.
The big kobold closely misses you. You furiously retaliate!
You headbutt the big kobold, but do no damage.
You block the ogre's attack. You block the crimson imp's attack.
The big kobold hits you with a short sword!
* * * LOW HITPOINT WARNING * * *
The crimson imp hits you.
* * * LOW HITPOINT WARNING * * *
You feel very mighty all of a sudden. The ogre hits you with a giant club!!
You die...

###..# ...
#..).# ###
##....#
#.....#
#..).## #..).#
#..###
####.########'
#..#..@)......
#..#.5OK......
#..#..........
#>.####'######
. #<.# .. ..#
#### .$. )...
.... ....
....# ....
....


You could see a big kobold, an ogre and a crimson imp.

Vanquished Creatures
  Prince Ribbit (D:6)
  Sigmund (D:5)
  Edmund (D:6)
  A black bear (D:5)
  An ice beast (D:5)
  A sky beast (D:4)
  2 ogres (D:6)
  A centaur (D:6)
  A giant frog (D:6)
  8 wights (D:6)
  3 howler monkeys
  A crimson imp (D:5)
  A wasp zombie (D:6)
  3 hounds
  A jelly (D:6)
  An orc wizard (D:5)
  Jessica (D:2)
  A centaur skeleton (D:4)
  5 worker ants
  8 gnolls
  13 adders
  A shadow imp (D:5)
  An ooze (D:3)
  5 worms
  2 dart slugs
  5 giant geckos
  7 orcs
  4 ball pythons (D:2)
  5 giant cockroaches
  7 hobgoblins
  16 jackals
  4 quokkas
  7 bats
  4 giant newts
  5 goblins
  A jackal zombie (D:6)
  16 kobolds
  A quokka zombie (D:6)
  5 rats
152 creatures vanquished.

Notes
Turn   | Place    | Note
--------------------------------------------------------------
     0 | D:1      | FrancescoMac the Minotaur Fighter began the quest for the Orb.
     0 | D:1      | Reached XP level 1. HP: 19/19 MP: 0/0
    76 | D:1      | Reached XP level 2. HP: 10/27 MP: 1/1
   415 | D:1      | Reached XP level 3. HP: 23/33 MP: 2/2
   607 | D:2      | Reached XP level 4. HP: 8/41 MP: 3/3
  1192 | D:2      | Reached XP level 5. HP: 36/47 MP: 4/4
  1262 | D:2      | Reached skill level 1 in Dodging
  1345 | D:2      | Noticed Jessica
  1351 | D:2      | Killed Jessica
  1351 | D:2      | Reached skill level 5 in Fighting
  1722 | D:3      | Reached skill level 5 in Armour
  2114 | D:3      | Reached XP level 6. HP: 56/56 MP: 5/5
  2284 | D:4      | Reached skill level 5 in Axes
  2609 | D:4      | Found an opulent altar of Gozag.
  2929 | D:4      | Found a blossoming altar of Fedhas.
  3046 | D:4      | Noticed a sky beast
  3048 | D:4      | Killed a sky beast
  3048 | D:4      | Reached XP level 7. HP: 63/63 MP: 6/6
  3267 | D:5      | Entered Level 5 of the Dungeon
  3329 | D:5      | Found a staircase to the Ecumenical Temple.
  3376 | D:5      | Found a stormy altar of Qazlal.
  3382 | D:5      | Found a glowing silver altar of Zin.
  3384 | D:5      | Found a hazy altar of Hepliaklqana.
  3385 | D:5      | Found a glowing golden altar of the Shining One.
  3400 | D:5      | Found a shadowy altar of Dithmenos.
  3764 | D:5      | Found a radiant altar of Vehumet.
  3848 | D:5      | Noticed Sigmund
  3855 | D:5      | Killed Sigmund
  3855 | D:5      | Reached XP level 8. HP: 73/73 MP: 7/7
  4396 | D:6      | Noticed Prince Ribbit
  4411 | D:6      | Killed Prince Ribbit
  4431 | D:6      | Noticed Edmund
  4439 | D:6      | Killed Edmund
  4813 | D:6      | Found an oddly glowing altar of Pakellas.
  4863 | D:6      | Reached XP level 9. HP: 69/82 MP: 8/8
  4879 | D:6      | Demolished by an ogre

Vault maps used:
D:1:      scummos_arrival_simple_crosswalls
D:2:      kennysheep_big_flooded_room, minmay_shallow_snake_nest, uniq_jessica
D:4:      kennysheep_mini, nicolae_gozag_seed_capital, grunt_tough_drop
D:5:      lemuel_crystal_altar, lemuel_coloured_pillars_altar,
          grunt_qazlal_clouds, grunt_temple_overflow_open, temple_statues,
          first_bread, portal_sewer_entry_e, serial_co_window_serial,
          co_window_of_opportunity_a, co_window_of_opportunity_a,
          co_window_corner_a, co_window_corner_a, co_window_paths_a,
          co_window_broadway_c, co_window_corner_b, co_window_corner_b,
          co_window_of_opportunity_b, co_window_of_opportunity_b,
          co_window_corner_b, co_window_paths_d, co_window_paths_e,
          glass_columns_a, grunt_ministairs_14, uniq_sigmund
D:6:      minmay_opposing_rooms, lemuel_doored_altar, serial_bayou_pond_d,
          uniq_edmund, uniq_prince_ribbit1

Skill      XL: |  1  2  3  4  5  6  7  8  9 |
---------------+----------------------------+-----
Axes           | 3 4 6 8 |  8.4
Fighting       | 4 5 6 7 8 |  8.9
Armour         | 4 5 7 8 |  8.5
Dodging        | 1 2 3 4 |  4.0
Shields        | |  3.6

Action                   |  1- 3 |  4- 6 |  7- 9 || total
-------------------------+-------+-------+-------++-------
Melee: War axe           |    85 |   192 |   138 ||   415
       Headbutt          |    15 |    33 |    29 ||    77
  Use: Scroll            |     3 |     5 |     2 ||    10
       Potion            |       |     2 |     3 ||     5
  Eat: Chunk             |       |     7 |     4 ||    11
       Royal jelly       |       |       |     1 ||     1
Armor: Scale mail        |    39 |    76 |    39 ||   154
Dodge: Dodged            |    25 |    71 |    55 ||   151
Block: Shield            |    46 |   114 |    78 ||   238
